Map: Orbital Shipyard

Players

Voir

  • Race: Terran Terran
  • League: Platinum

Chris - Winner!

  • Race: Zerg Zerg
  • League: Gold

VOD

Have the link to the VOD?

Description

Time

  • Played on: Jan. 1, 2016, 11:25 p.m.
  • Length: 25:10
Show
View Real Time Build Order
Export as new Build Order

Voir Terran 

Build Orders: Banshee Rush 

Get SALT Encoding   

  12  0:00  SCV  
  13  0:13  SCV  
  14  0:18  Supply Depot  
  14  0:25  SCV  
  15  0:39  SCV  
  15  0:40  Barracks  
  16  0:45  Refinery  
  16  0:51  SCV  
  17  1:03  SCV  
  18  1:16  SCV  
  19  1:28  SCV  
  19  1:31  Command Center  
  20  1:39  Supply Depot  
  20  1:44  SCV  
  21  1:54  Factory  
  21  1:57  SCV  
  21  2:00  Marine  
  23  2:10  Orbital Command  
  23  2:18  Refinery  
  23  2:23  Marine  
  24  2:36  SCV  
  25  2:40  Factory Tech Lab, Starport  
  25  2:48  SCV  
  26  2:56  Marine  
  26  3:03  SCV  
  28  3:06  Orbital Command  
  27  3:21  Factory Tech Lab  
  27  3:29  SCV  
  27  3:30  Banshee  
  27  3:31  Cloaking Field  
  31  3:40  Refinery  
  31  3:41  SCV  
  31  3:42  Refinery  
  31  3:43  SCV  
  33  3:49  Siege Tank  
  33  3:51  Marine  
  33  3:53  SCV  
  38  3:56  SCV  
  39  4:07  Command Center  
  39  4:11  SCV x2  
  41  4:19  Banshee  
  44  4:25  Engineering Bay  
  44  4:35  Supply Depot  
  44  4:37  SCV  
  45  4:41  SCV  
  46  4:55  Missile Turret  
  46  4:57  Siege Tank  
  49  5:06  Marine  
  50  5:09  SCV x2  
  52  5:21  SCV  
  53  5:24  Marine  
  54  5:29  Siege Tank  
  57  5:40  SCV  
  58  5:51  Planetary Fortress  
  58  5:57  Marine  
  58  5:59  Banshee  
  58  6:00  SCV  
  58  6:01  Siege Tank  
  66  6:07  SCV  
  67  6:12  SCV  
  67  6:14  Missile Turret  
  67  6:15  Marine  
  69  6:21  Missile Turret  
  69  6:23  Missile Turret  
  69  6:31  Supply Depot  
  69  6:33  Supply Depot  
  69  6:50  Supply Depot  
  69  6:52  SCV x2  
  71  6:55  Starport, Liberator  
  71  6:57  Starport  
  71  7:01  Missile Turret  
  71  7:02  Refinery  
  71  7:04  SCV  
  71  7:05  SCV x2  
  71  7:06  Refinery  
  71  7:08  Marine  
  75  7:09  Bunker  
  78  7:16  SCV  
  78  7:17  SCV x2  
  78  7:19  Armory  
  81  7:24  Missile Turret  
  81  7:25  Marine  
  81  7:28  SCV  
  81  7:29  SCV x2  
  85  7:32  Liberator  
  85  7:40  SCV  
  85  7:41  SCV x2  
  91  7:53  SCV  
  91  7:55  Supply Depot  
  91  7:57  Supply Depot  
  92  7:59  Liberator  
  92  8:01  Liberator  
  92  8:02  SCV  
  92  8:03  Missile Turret  
  92  8:04  Missile Turret  
  92  8:05  Missile Turret  
  93  8:08  Terran Ship Weapons Level 1  
  93  8:13  Supply Depot  
  93  8:15  Supply Depot, Liberator  
  93  8:16  SCV x3  
  102  8:21  Missile Turret  
  102  8:28  SCV x2  
  102  8:29  SCV  
  102  8:31  Fusion Core  
  102  8:33  Missile Turret  
  108  8:41  SCV x3  
  111  8:42  Armory, Liberator  
  111  8:44  Liberator  
  111  8:53  SCV x2, Supply Depot  
  113  8:59  Command Center  
  119  9:05  SCV  
  120  9:13  Supply Depot  
  120  9:14  SCV x2  
  120  9:15  Supply Depot  
  122  9:17  SCV, Starport Reactor  
  122  9:22  Advanced Ballistics  
  123  9:26  SCV x2  
  123  9:28  Marine  
  123  9:30  Siege Tank  
  129  9:35  Supply Depot  
  129  9:36  Supply Depot  
  129  9:39  Supply Depot  
  129  9:42  Banshee  
  132  9:46  Marine  
  132  9:51  Starport Tech Lab  
  133  9:53  SCV  
  133  9:54  Terran Vehicle And Ship Armor Level 1  
  133  9:56  Building Armor  
  134  10:02  Siege Tank, Terran Vehicle Weapons Level 1  
  134  10:05  SCV  
  134  10:08  Factory  
  134  10:14  Marine  
  134  10:17  SCV  
  136  10:32  Marine  
  136  10:34  Siege Tank  
  140  10:41  SCV x3, Hyperflight Rotors  
  143  10:45  Viking x4  
  143  10:49  Marine  
  151  10:53  SCV  
  151  10:56  Barracks  
  153  10:57  Missile Turret  
  153  10:58  Barracks  
  153  10:59  Barracks  
  153  11:00  Barracks  
  153  11:01  Planetary Fortress, Barracks  
  153  11:03  Missile Turret  
  153  11:06  Missile Turret  
  153  11:09  Factory Tech Lab  
  153  11:15  Viking x4  
  161  11:21  Command Center  
  161  11:27  Refinery  
  161  11:32  SCV x3, Refinery  
  164  11:36  Supply Depot  
  164  11:44  SCV  
  165  11:48  Terran Ship Weapons Level 2, Barracks Reactor x3  
  165  11:54  Terran Infantry Weapons Level 1, Barracks Tech Lab  
  165  12:00  Barracks Tech Lab  
  165  12:01  Banshee  
  165  12:02  Banshee  
  165  12:08  Marine  
  172  12:09  Siege Tank x2  
  176  12:26  Supply Depot, Marine  
  177  12:30  Supply Depot  
  177  12:35  Orbital Command  
  177  12:41  Siege Tank x2  
  177  12:43  Marine  
  184  12:44  Banshee x2  
  184  12:50  Marine x3  
  184  12:51  Marine x5  
  198  13:01  Marine  
  199  13:08  Marine  
  200  13:22  Command Center  
  200  13:27  Banshee  
  198  13:38  Viking  
  193  13:54  SCV  
  193  13:55  Marine x6  
  175  13:56  Marine x3  
  175  13:57  Banshee  
  175  14:01  Supply Depot, Refinery  
  184  14:03  Siege Tank x2  
  184  14:06  SCV  
  191  14:10  Banshee  
  191  14:13  Marine x2  
  196  14:18  SCV  
  197  14:24  Supply Depot  
  197  14:32  Terran Vehicle Weapons Level 2, Terran Vehicle And Ship Armor Level 2  
  197  14:33  Marine  
  197  14:34  Marine x2  
  197  14:36  Combat Shields  
  197  14:37  Stimpack  
  168  15:54  Concussive Shells  
  168  16:09  Banshee x2  
  174  16:14  Marine x6  
  174  16:15  Marine x2  
  182  16:23  Command Center  
  182  16:42  Thor  
  182  16:43  Siege Tank  
  191  16:52  Banshee x2  
  197  16:57  Liberator  
  197  16:58  Liberator  
  194  17:15  Siege Tank  
  174  17:25  Siege Tank  
  177  17:31  Marine x5  
  177  17:32  Marine x4  
  177  17:35  Banshee x2  
  192  17:47  Siege Tank  
  192  17:49  Marine x5  
  168  19:03  Liberator x3  
  168  19:04  Liberator  
  168  19:05  Marauder, Marine x5  
  168  19:06  Marine x3  
  149  19:42  Command Center  
  149  19:46  Liberator x4  
  134  20:00  Marine x4  
  134  20:01  Marine x5  
  134  20:06  Hellion x2  
  159  20:18  Marine x3  
  162  20:26  Orbital Command  
  162  20:27  Hellion x2  
  166  20:29  Liberator x2  
  160  20:40  Marine x5  
  160  20:41  Marine x4  
  169  20:46  Banshee x2  
  169  20:48  Hellion  
  169  20:49  Hellion  
  184  20:58  Marine x7  
  191  21:08  Marine x2  
  191  21:09  Orbital Command  
  193  21:15  Marine  
  193  21:16  Marine x4  
  198  21:29  Refinery  
  198  21:34  Refinery  
  198  21:55  SCV  
  198  21:56  SCV  
  200  22:09  Orbital Command  
  200  22:17  Supply Depot  
  200  22:20  Command Center  
  200  22:50  Command Center, Missile Turret  
  200  22:55  Refinery  
  200  22:57  Refinery  
  200  22:59  Missile Turret  
  200  23:03  Missile Turret  
  200  23:06  Missile Turret  
  200  23:07  Supply Depot  
  200  23:09  Supply Depot  
  200  23:31  Supply Depot  
  200  23:34  Supply Depot  
  200  23:36  Supply Depot  
  200  23:38  Supply Depot  
  200  23:42  Supply Depot, Liberator x4  
  180  24:44  Marauder, Marine x7  
Show
View Real Time Build Order
Export as new Build Order

Chris Zerg - Winner!

Build Orders: Hatch First, Muta Ling Bane 

Get SALT Encoding   

  12  0:02  Drone  
  13  0:14  Overlord  
  13  0:18  Drone  
  14  0:32  Drone x2  
  16  0:36  Drone  
  17  0:47  Drone  
  18  0:58  Hatchery  
  18  1:03  Extractor  
  16  1:13  Spawning Pool  
  16  1:15  Drone  
  16  1:17  Drone  
  17  1:22  Drone  
  18  1:31  Drone  
  19  1:40  Overlord  
  19  2:00  Queen  
  21  2:02  Zergling x4  
  23  2:12  Queen  
  23  2:14  Metabolic Boost  
  25  2:20  Drone x2  
  27  2:33  Drone x3  
  30  2:39  Queen  
  32  2:50  Queen  
  34  2:52  Overlord  
  34  2:53  Drone x2  
  36  3:14  Drone x2  
  36  3:15  Drone x5  
  43  3:25  Overlord  
  43  3:26  Overlord  
  43  3:31  Overlord  
  43  3:43  Extractor  
  43  3:45  Lair  
  43  3:46  Extractor  
  41  4:05  Baneling Nest  
  40  4:13  Drone x7  
  40  4:14  Drone x4  
  40  4:15  Hatchery  
  50  4:28  Spore Crawler  
  48  4:31  Spore Crawler  
  47  4:44  Drone x2  
  47  4:45  Drone  
  50  4:48  Drone x3  
  53  4:55  Spire  
  49  5:21  Overseer  
  49  5:31  Queen  
  49  5:33  Overlord  
  49  5:34  Overlord  
  51  5:47  Extractor  
  50  6:00  Drone  
  50  6:01  Drone x2  
  50  6:02  Centrifical Hooks  
  53  6:18  Hatchery, Zerg Flyer Weapons Level 1  
  52  6:24  Drone x3  
  52  6:25  Drone x12  
  65  6:26  Drone x3  
  70  6:40  Baneling x2  
  70  6:44  Extractor  
  70  6:45  Extractor  
  68  6:48  Drone  
  68  6:49  Drone x6  
  68  6:50  Drone x2  
  77  7:01  Overlord x3  
  77  7:15  Mutalisk x2  
  81  7:23  Mutalisk  
  81  7:24  Mutalisk x6  
  81  7:27  Zergling x6  
  98  7:36  Mutalisk x2  
  97  7:39  Hatchery  
  93  7:52  Queen  
  95  8:02  Overlord x4  
  95  8:04  Drone x2  
  97  8:10  Queen  
  99  8:17  Zergling x12  
  99  8:18  Zergling x8  
  109  8:43  Drone x3  
  109  8:44  Evolution Chamber x2, Infestation Pit  
  109  8:48  Zerg Flyer Weapons Level 2  
  109  8:54  Drone x2  
  109  8:55  Drone  
  112  9:15  Overlord  
  112  9:16  Overlord x6  
  112  9:17  Overlord x2  
  112  9:18  Queen  
  112  9:20  Drone x2  
  112  9:21  Drone x11  
  112  9:22  Drone x4  
  131  9:24  Hatchery  
  131  9:25  Zerg Ground Armor Level 1, Zerg Melee Weapons Level 1  
  130  9:37  Drone x4  
  130  9:38  Drone x3  
  137  9:40  Extractor  
  137  9:42  Extractor  
  135  9:52  Zergling x2  
  136  9:53  Zergling x14  
  141  10:29  Hive  
  141  10:33  Zergling x10  
  141  10:34  Zergling x22  
  141  10:35  Zergling x12  
  163  10:38  Overseer x2  
  163  10:39  Overseer  
  163  10:42  Pneumatized Carapace  
  163  10:45  Queen  
  163  10:47  Drone x3  
  163  10:48  Drone x4  
  172  10:59  Baneling  
  172  11:00  Baneling x11  
  172  11:01  Baneling x11  
  172  11:03  Zergling x6  
  172  11:04  Zergling x22  
  179  11:05  Zergling x4  
  188  11:12  Drone  
  188  11:13  Drone x5  
  188  11:16  Extractor  
  188  11:17  Extractor  
  192  11:24  Drone  
  192  11:25  Drone x5  
  198  11:41  Hatchery  
  198  11:44  Zerg Ground Armor Level 2, Zerg Melee Weapons Level 2  
  198  11:46  Hatchery  
  196  11:59  Zerg Flyer Weapons Level 3, Adrenal Glands  
  196  12:03  Ultralisk Cavern  
  185  12:19  Hydralisk Den  
  184  12:57  Lurker Den  
  184  13:01  Chitinous Plating  
  184  13:14  Queen  
  185  13:23  Hydralisk  
  185  13:24  Hydralisk x10  
  185  13:25  Hydralisk x2  
  185  13:26  Hydralisk x3  
  176  13:34  Hydralisk  
  176  13:35  Hydralisk x7  
  176  13:36  Hydralisk x4  
  175  13:55  Queen  
  150  14:13  Ultralisk x5  
  150  14:14  Ultralisk x3  
  198  14:19  Queen  
  200  14:31  Zerg Ground Armor Level 3, Zerg Melee Weapons Level 3  
  200  14:54  Overseer x2  
  143  15:17  Corruptor  
  143  15:18  Corruptor x10  
  143  15:19  Corruptor x9  
  143  15:20  Corruptor  
  183  15:30  Drone  
  183  15:31  Drone x10  
  183  15:32  Drone x6  
  170  15:54  Zergling x2  
  170  15:55  Zergling x16  
  170  15:56  Zergling x22  
  170  15:57  Zergling x8  
  176  16:12  Extractor  
  176  16:15  Extractor  
  158  16:48  Corruptor x4  
  158  16:49  Corruptor x3  
  137  17:28  Overseer  
  135  18:03  Hatchery  
  133  18:17  Hatchery  
  131  18:58  Extractor  
  107  19:11  Zergling x6  
  107  19:12  Zergling x24  
  107  19:13  Zergling x2  
  117  19:59  Queen  
  117  20:38  Hatchery  
  116  21:04  Overseer  
  116  21:06  Hatchery  
  115  21:17  Ultralisk x3  
  133  21:45  Extractor  
  133  21:46  Extractor  
  131  21:50  Queen  
  133  22:03  Ultralisk x2  
  151  22:23  Ultralisk x2  
  157  22:33  Queen  
  157  22:35  Drone x4  
  157  22:36  Drone x8  
  171  23:00  Ultralisk  
  171  23:01  Ultralisk x2  
  188  23:28  Ultralisk  
  162  24:04  Corruptor x6  
  162  24:05  Corruptor x8  
  178  24:14  Zergling x2  
  178  24:15  Zergling x20  
Tags
 
Add a new tag
Caveats
  • Supply blocks, unpowered buildings, or Contaminate may cause inaccurate times.
  • Supply counts are checked every 10 seconds.